 Dungeon Crawl Stone Soup version 0.31.0-32-g396128a36d (webtiles) character file.

Game seed: 15661001254616759658

91 mainiacjoe the Vexing (level 4, -3/24 HPs)
             Began as a Deep Elf Hexslinger on Apr 3, 2024.
             Slain by a gnoll
             ... wielding a +0 halberd
              (4 damage)
             ... on level 2 of the Dungeon.
             The game lasted 00:04:02 (1589 turns).

mainiacjoe the Vexing (Deep Elf Hexslinger)         Turns: 1589, Time: 00:04:03

Health: -3/24      AC:  3    Str:  2 (5)  XL:     4   Next: 34%
Magic:  7/10       EV: 13    Int: 18 (20) God:
Gold:   98         SH:  0    Dex: 22 (23) Spells: 1/9 levels left

rFire   . . .        b - +2 dagger of the Endless Expanse {speed, rC+ Dex+6}
rCold   + . .        (no shield)
rNeg    . . .        c - +1 robe
rPois   .            (no helmet)
rElec   .            (no cloak)
rCorr   .            (no gloves)
SInv    .            (no boots)
Will    +....        (no amulet)
Stlth   ++           g - ring of wizardry
HPRegen 0.24/turn    k - ring of willpower
MPRegen 0.12/turn

%: wizardry (x1)
@: lethally poisoned (-3 -> -11)
A: no striking features
a: no special abilities


You were on level 2 of the Dungeon.
You visited 1 branch of the dungeon, and saw 2 of its levels.

You collected 98 gold pieces.

Inventory:

Hand Weapons
 a - a +1 sling of freezing
 b - the +2 dagger of the Endless Expanse (weapon) {speed, rC+ Dex+6}
   (You found it on level 2 of the Dungeon)

   Dex+6:     It affects your dexterity (+6).
   rC+:       It protects you from cold.
 h - a +0 quarterstaff
Missiles
 d - 33 stones
Armour
 c - a +1 robe (worn)
Jewellery
 g - a ring of wizardry (left hand)
 k - a ring of willpower (right hand)
Scrolls
 j - a scroll of enchant armour
 l - a scroll of poison
 m - a scroll of brand weapon
 n - a scroll of identify
Potions
 f - a potion of attraction
 i - a potion of heal wounds {unknown}


   Skills:
 - Level 0.7 Fighting
 + Level 4.4 Ranged Weapons
 - Level 2.4 Dodging
 - Level 3.0 Spellcasting
 + Level 5.2 Hexes
 - Level 1.1 Fire Magic


You had one spell level left.
You knew the following spells:

 Your Spells              Type           Power      Damage    Failure   Level
a - Jinxbite              Hex            42%        N/A       1%          2
b - Sigil of Binding      Hex            21%        N/A       2%          3
c - Inner Flame           Hex/Fire       14%        N/A       5%          3

Your spell library contained the following spells:

 Spells                   Type           Power      Damage    Failure   Level
 Cause Fear               Hex            10%        N/A       8%          4
 Cigotuvi's Dreadful Rot  Necr/Alch/Air  4%         N/A       10%         2
 Dimensional Bullseye     Hex/Tloc       6%         N/A       22%         4
 Dispel Undead            Necr           2%         3d7       52%         4
 Martyr's Knell           Necr/Summ      2%         N/A       52%         4
 Death Channel            Necr           1%         N/A       100%        6


Dungeon Overview and Level Annotations

Branches:
Dungeon (2/15)

Altars:


Message History

The sling bullet closely misses the gnoll.
The scorpion's lost momentum returns!
You shoot a sling bullet.
The sling bullet barely misses the gnoll.
You shoot a sling bullet.
The sling bullet closely misses the gnoll.
You shoot a sling bullet. The sling bullet hits the gnoll.
The sling bullet freezes the gnoll.
The gnoll is moderately wounded.
The gnoll closely misses you.
The gnoll hits you from afar with a +0 halberd!
Ouch! That really hurt!
You are too injured to fight recklessly!
You are too injured to fight recklessly!
You are too injured to fight recklessly!
You are too injured to fight recklessly!
Unknown command.
Your binding sigil disappears.
Your +1 sling of freezing stops glowing.
You feel agile.
Your hands tingle!
b - the +2 dagger of the Endless Expanse (weapon)
{speed, rC+ Dex+6} The scorpion misses you.
You hit the scorpion but do no damage. The gnoll misses you.
You closely miss the scorpion. The scorpion misses you.
You hit the scorpion but do no damage.
The gnoll hits you from afar with a +0 halberd.
* * * LOW HITPOINT WARNING * * *
The scorpion stings you.
* * * LOW HITPOINT WARNING * * *
You are lethally poisoned!
The scorpion poisons you!
It was a potion of degeneration.
There was something very wrong with that liquid.
You feel weakened.
You feel dopey.
You feel clumsy.
* * * LOW HITPOINT WARNING * * *
You feel very sick. The scorpion closely misses you.
The gnoll hits you from afar with a +0 halberd.
You die...

#.# *#.#*#.# #.# #.#
##,..##.# #.#
#.#######.#*#.#.###.#
***#.........# #.......#
~~*##<....##.###.#.#####
~~~*##.##.###...##.#
.......##.##...###.#
.......##.#...####.#
~~.....#......gs@..#
w.~....#.##.[.######
g.~....#.###.##
~~.......# #.#
⌠......)## #.# ,.~s...#*
#.# ~~..g..* #.#
,...~..* #.# ,.~~..,*
#.# ###############


You could see a scorpion (swift) and a gnoll.

Vanquished Creatures
  3 gnolls
  2 adders (D:2)
  2 dart slugs (D:1)
  3 ball pythons
  4 endoplasms
  2 giant cockroaches (D:2)
  A goblin (D:1)
  6 hobgoblins
  A quokka (D:1)
  6 bats
  A frilled lizard (D:1)
  6 kobolds
  5 rats
42 creatures vanquished.

Notes
Turn   | Place    | Note
-------+----------+-------------------------------------------
     0 | D:1      | mainiacjoe the Deep Elf Hexslinger began the quest for the
                  | Orb.
     0 | D:1      | Reached XP level 1. HP: 11/11 MP: 5/5
   209 | D:1      | Reached XP level 2. HP: 16/16 MP: 6/6
   547 | D:1      | Learned a level 2 spell: Jinxbite
   569 | D:1      | Reached XP level 3. HP: 20/20 MP: 8/8
   573 | D:1      | Learned a level 3 spell: Sigil of Binding
   938 | D:2      | Identified the +2 dagger of the Endless Expanse {speed, rC+
                  | Dex+6}
  1191 | D:2      | Reached skill level 5 in Hexes
  1458 | D:2      | Reached XP level 4. HP: 19/24 MP: 10/10
  1512 | D:2      | Learned a level 3 spell: Inner Flame
  1526 | D:2      | Noticed a scorpion
  1589 | D:2      | HP: 1/24 [poisoned by a scorpion]
  1589 | D:2      | Slain by a gnoll

Illustrated notes

Levels and vault maps discovered:
D:1:      heliophobic_arrival_battle_scene, layout_basic, serial_park_tiny_pond,
          minmay_misc_feat_cross, minivault_25
D:2:      cheibrodos_helix_gallery, layout_loops_ring, kennysheep_nondescript

Skill      XL: |  1  2  3  4 |
---------------+-------------+-----
Ranged Weapons | 3 4 |  4.4
Spellcasting   | 2 3 |  3.0
Hexes          | 5 |  5.2
Fighting       | |  0.7
Dodging        | |  2.4
Fire Magic     | |  1.1

Action                     |  1- 3 |  4- 6 || total
---------------------------+-------+-------++-------
  Melee: Dagger            |     4 |     3 ||     7
   Fire: Sling             |    99 |    13 ||   112
   Cast: Sigil of Binding  |       |     2 ||     2
         Inner Flame       |       |     1 ||     1
    Use: Scroll            |     7 |       ||     7
         Potion            |       |     1 ||     1
 Armour: Robe              |     9 |     7 ||    16
  Dodge: Dodged            |    16 |     9 ||    25
